 Dungeon Crawl Stone Soup version 0.27-a0-972-gd1521fd (webtiles) character file.

Game seed: 11317732774104594274

113808 yakattack the Severer (level 16, -6/124 HPs)
             Began as a Demonspawn Abyssal Knight on Apr 13, 2021.
             Was a High Priest of Lugonu.
             Killed from afar by a merfolk aquamancer (22 damage)
             ... with a shard of ice
             ... on level 2 of the Shoals.
             The game lasted 00:42:16 (29086 turns).

yakattack the Severer (Demonspawn Abyssal Knight)  Turns: 29086, Time: 00:42:17

Health: -6/124     AC: 19    Str: 15    XL:     16   Next: 14%
Magic:  0/27       EV: 15    Int: 15    God:    Lugonu [*****.]
Gold:   2898       SH: 18    Dex: 14    Spells: 15/15 levels left

rFire    . . .     SeeInvis +   x - +9 broad axe of Amortisation {vamp, rN+ Stlth+}
rCold    . . .     Faith    .   j - +5 tower shield of the Desolation of Salt {+Inv rCorr Int-2}
rNeg     + . .     Spirit   +   H - +4 ring mail {rPois}
rPois    +         Reflect  .   t - +2 helmet {SInv}
rElec    .         Harm     .   X - +2 cloak
rCorr    +         Rampage  .   l - +0 pair of gloves
Will     ++...                  (boots unavailable)
Stlth    +.........             P - amulet of regeneration
HPRegen  1.30/turn              w - +4 ring of evasion
MPRegen  0.40/turn              F - ring of willpower

@: studying 2 skills, very slow
A: hooves 3, repulsion field 2, icemail 1, magic shield, magic regeneration,
condensation shield
a: Renounce Religion, Evoke Invisibility, Depart the Abyss, Bend Space, Banish,
Corrupt, Enter the Abyss


You were on level 2 of the Shoals.
You worshipped Lugonu.
Lugonu was extremely pleased with you.
You visited 5 branches of the dungeon, and saw 26 of its levels.
You visited the Abyss 1 time.
You also visited: Gauntlet and Ice Cave.

You collected 3243 gold pieces.
You spent 345 gold pieces at shops.

Inventory:

Hand Weapons
 x - the +9 broad axe of Amortisation (weapon) {vamp, rN+ Stlth+}
   (You took it off a minotaur in a Gauntlet)

   It inflicts no extra harm, but heals its wielder when it wounds a living foe.
   It protects you from negative energy.
   It makes you more stealthy.
 y - the +10 flail of Contention {elec, rCorr}
   (You found it on level 1 of the Lair of Beasts)

   Occasionally, upon striking a foe, it can discharge electrical energy and
   cause terrible harm.
   It protects you from acid and corrosion.
Missiles
 z - 908 stones (quivered) {+f}
 K - 16 throwing nets
Armour
 j - the +5 tower shield of the Desolation of Salt (worn) {+Inv rCorr Int-2}
   (You took it off a minotaur in a Gauntlet)

   It affects your intelligence (-2).
   It lets you turn invisible.
   It protects you from acid and corrosion.
 k - the +4 ring mail "Pyseulo" {-Cast Dex+3 SInv}
   (You found it on level 11 of the Dungeon)

   It affects your dexterity (+3).
   It lets you see invisible.
   It prevents spellcasting.
 l - a +0 pair of gloves (worn)
 t - a +2 helmet of see invisible (worn)
 H - a +4 ring mail of poison resistance (worn)
 X - a +2 cloak (worn)
Jewellery
 c - a ring of protection from cold
 m - a ring of protection from fire
 w - a +4 ring of evasion (left hand)
 F - a ring of willpower (right hand)
 P - an amulet of regeneration (around neck)
 U - a ring of see invisible
Wands
 p - a wand of iceblast (18)
 q - a wand of polymorph (27)
 v - a wand of digging (23)
 E - a wand of charming (6)
 T - a wand of paralysis (39)
Scrolls
 e - 2 scrolls of fear
 g - 2 scrolls of brand weapon
 h - 3 scrolls of holy word
 n - 2 scrolls of silence
 r - 8 scrolls of identify
 s - a scroll of enchant armour
 A - 6 scrolls of blinking
 C - 2 scrolls of teleportation
 G - 5 scrolls of magic mapping
 Q - 4 scrolls of fog
 R - 6 scrolls of enchant weapon
 S - 2 scrolls of immolation
 W - 2 scrolls of torment
 Y - 4 scrolls of amnesia
Potions
 a - 2 potions of cancellation
 d - 5 potions of might
 u - 4 potions of haste
 B - 4 potions of ambrosia
 D - 2 potions of brilliance
 I - 2 potions of heal wounds
 J - 2 potions of invisibility
 L - a potion of resistance
 M - 14 potions of curing
 N - 5 potions of attraction
 O - 2 potions of mutation
 Z - 3 potions of lignification
Miscellaneous
 V - a phial of floods


   Skills:
 - Level 10.9 Fighting
 + Level 15.8(17.2) Axes
 - Level 12.0(15.3) Maces & Flails
 + Level 8.8 Armour
 - Level 4.1 Dodging
 - Level 4.0 Shields
 - Level 15.0 Invocations
 - Level 4.4 Evocations


You had 15 spell levels left.
You didn't know any spells.
Your spell library contained the following spells:

 Spells                   Type           Power      Damage    Failure   Level
 Apportation              Tloc           0%         N/A       100%        1
 Beastly Appendage        Tmut           0%         N/A       100%        1
 Corona                   Hex            0%         N/A       100%        1
 Foxfire                  Conj/Fire      0%         2x1d4     100%        1
 Sting                    Tmut/Pois      0%         1d3       100%        1
 Corpse Rot               Necr/Air       N/A        N/A       100%        2
 Ensorcelled Hibernation  Hex/Ice        0%         N/A       100%        2
 Poisonous Vapours        Pois/Air       0%         N/A       100%        2
 Sublimation of Blood     Necr           0%         N/A       100%        2
 Wereblood                Tmut           0%         N/A       100%        2
 Confusing Touch          Hex            0%         N/A       100%        3
 Conjure Flame            Conj/Fire      0%         6-21      100%        3
 Dazzling Flash           Conj/Hex       0%         N/A       100%        3
 Gell's Gravitas          Tloc           0%         N/A       100%        3
 Ignite Poison            Fire/Tmut/Pois 0%         N/A       100%        3
 Inner Flame              Hex/Fire       0%         N/A       100%        3
 Mephitic Cloud           Conj/Pois/Air  0%         N/A       100%        3
 Portal Projectile        Hex/Tloc       0%         N/A       100%        3
 Spider Form              Tmut/Pois      0%         N/A       100%        3
 Tukima's Dance           Hex            0%         N/A       100%        3
 Ice Form                 Ice/Tmut       0%         N/A       100%        4
 Iskenderun's Mystic Bla  Conj/Tloc      0%         2d3       100%        4
 Olgreb's Toxic Radiance  Pois           0%         N/A       100%        4
 Passage of Golubria      Tloc           N/A        N/A       100%        4
 Petrify                  Tmut/Erth      0%         N/A       100%        4
 Sticky Flame             Conj/Fire      0%         2d3       100%        4
 Alistair's Intoxication  Tmut/Pois      0%         N/A       100%        5
 Fireball                 Conj/Fire      0%         3d3       100%        5
 Hydra Form               Tmut           0%         N/A       100%        5
 Irradiate                Conj/Tmut      0%         3d13      100%        5
 Manifold Assault         Tloc           0%         N/A       100%        5
 Metabolic Englaciation   Hex/Ice        0%         N/A       100%        5
 Yara's Violent Unravell  Hex/Tmut       0%         3d3       100%        5
 Blade Hands              Tmut           0%         N/A       100%        6
 Dispersal                Tloc           0%         N/A       100%        6
 Eringya's Noxious Bog    Tmut/Pois      0%         N/A       100%        6
 Statue Form              Tmut/Erth      0%         N/A       100%        6
 Dragon Form              Tmut           0%         N/A       100%        7
 Disjunction              Tloc           0%         N/A       100%        8


Dungeon Overview and Level Annotations

Branches:
Dungeon (15/15)            Temple (0/1) D:5            Lair (6/6) D:10
 Shoals (2/4) Lair:4        Snake (1/4) Lair:2        Slime (0/5) Lair:6
    Orc (2/2) D:10            Elf (0/3) Orc:2        Vaults (0/5) D:13
 Depths (0/5) D:15          IceCv (visited)         Gauntlet (visited)

Altars:
Hepliaklqana
Uskayaw
Xom
Beogh

Shops:
D:3 ?   D:9 *   D:15 *   Orc:2 !!**

Portals:
Trove: D:11 (give 4 scrolls of blinking)

Annotations:
Lair:6 corrupted
Shoals:2 Polyphemus, Roxanne
Snake:1 Nikola
Orc:2 corrupted
Abyss:1 Grum


Innate Abilities, Weirdness & Mutations

You have hooves in place of feet.
You are surrounded by a moderate repulsion field. (EV +3)
A meltable icy envelope protects you from harm. (AC +0)
When hurt, damage is shared between your health and your magic reserves.
You regenerate magic rapidly.
A meltable shield of frost defends you. (SH +0)


Message History

Splash!
You fall into the shallow water.
Moving in this stuff is going to be slow.
You block the merfolk aquamancer's attack. 0; Banish; Ability used
Aim: a merfolk aquamancer, wielding a +0 rapier of holy wrath and wearing a +0 robe (moderately wounded, chance to affect: 45%)
The merfolk aquamancer is devoured by a tear in reality.
Lugonu claims a new guest.
Your life force feels restored. 0; Banish; Ability used
Aim: a merfolk aquamancer, wielding a +0 rapier and wearing a +0 robe (chance to affect: 45%)
The merfolk aquamancer resists with some effort. 0; Banish; Ability used
Aim: a merfolk aquamancer, wielding a +0 rapier and wearing a +0 robe (chance to affect: 45%)
The merfolk aquamancer resists with some effort.
You block the merfolk aquamancer's attack.
You barely miss the merfolk aquamancer. You kick the merfolk aquamancer.
You block the merfolk aquamancer's attack. x2 0; Banish; Ability used You don't have enough magic at the moment.
Unknown command.
You closely miss the merfolk aquamancer.
A water nymph comes into view.
The merfolk aquamancer points at you and mumbles some strange words.
The shard of ice hits you!!
* * * LOW HITPOINT WARNING * * *
0; Banish; Ability used You don't have enough magic at the moment.
You feel better.
Splash!
You fall into the shallow water.
Moving in this stuff is going to be slow.
The merfolk aquamancer misses you.
You feel better. The water nymph casts a spell at you.
The water swirls and strikes you!!
* * * LOW HITPOINT WARNING * * *
The merfolk aquamancer gestures at you while chanting.
The shard of ice hits you!!
You die...

≈≈≈≈≈≈≈≈≈≈≈≈≈≈≈≈≈≈≈≈≈≈≈≈≈
≈≈≈≈≈≈≈≈≈≈≈≈≈≈≈≈≈≈≈≈≈≈≈≈≈
≈≈≈≈≈≈≈≈≈≈≈≈≈≈≈≈≈≈≈≈≈≈≈≈≈≈
.≈≈≈≈≈≈≈≈≈≈≈≈≈≈≈≈≈≈≈≈≈≈≈≈≈≈
.≈≈≈≈≈≈≈≈≈≈≈≈≈≈≈≈≈≈≈≈≈≈≈≈≈≈
.≈≈≈≈≈≈≈≈≈≈≈≈≈≈≈≈≈≈≈≈≈≈≈≈≈≈
.≈≈≈≈≈≈≈≈..[≈≈≈≈≈≈≈≈P≈≈≈≈≈≈
≈≈≈≈≈≈≈......≈...m≈P≈≈P≈≈≈≈
≈≈≈..........≈≈≈@§..P≈≈≈≈≈≈
≈≈≈..........≈.m≈§...≈≈≈≈≈≈
≈....##...##...####.)≈≈≈≈≈≈
≈≈†.###..##.....# ##.≈≈≈≈≈≈
≈≈..###.....P≈≈≈≈. ≈≈≈≈≈≈≈
≈≈≈....>..≈≈≈≈P≈P.P P≈≈≈≈≈≈
≈≈..≈..≈≈≈≈≈≈P≈P≈≈≈≈≈≈≈≈≈≈.
≈≈....≈≈≈.≈≈≈≈..P≈≈≈≈≈≈≈P..
≈≈...≈≈≈.≈≈≈P≈≈<≈P≈≈≈≈≈≈.##


You could see a merfolk aquamancer and a water nymph.

Vanquished Creatures
  Gastronok (Lair:2)
  A minotaur (Gauntlet)
  A merfolk impaler (Shoals:1)
  Erolcha (D:9)
  2 vault guards (D:13)
  2 merfolk aquamancers (Shoals:2)
  2 merfolk avatars
  8 hydras
  5 centaur warriors
  An ogre mage (D:15)
  2 catoblepae (Lair:4)
  4 boulder beetles
  An anaconda (Snake:1)
  6 two-headed ogres
  8 death yaks
  3 tengu warriors (D:14)
  8 sea snakes
  A naga ritualist (Snake:1)
  2 deep elf pyromancers
  5 harpies (Shoals:2)
  A harpy (shapeshifter) (D:13)
  An oklob plant (Lair:1)
  A mana viper (Snake:1)
  5 cyclopes
  3 ugly things
  2 orc sorcerers (Orc:2)
  5 manticores
  4 fauns (Shoals:1)
  A wolf spider (D:15)
  A salamander (D:15)
  6 black mambas
  6 merfolk sirens
  2 ice statues (IceCv)
  12 elephants
  2 water nymphs
  A naga mage (Snake:1)
  9 cane toads
  An unseen horror (D:11)
  7 rime drakes
  An efreet (D:15)
  10 komodo dragons
  7 ice devils (IceCv)
  A guardian mummy (D:11)
  A jumping spider (Gauntlet)
  5 polar bears (Lair:6)
  3 wind drakes
  5 trolls
  8 merfolk
  5 blink frogs (Lair:5)
  2 snapping turtles
  3 hornets (Lair:6)
  11 slime creatures
  12 dream sheep
  A centaur simulacrum (D:15)
  2 vampires (D:12)
  2 shadows
  A redback (Gauntlet)
  7 wyverns
  31 yaks
  A wyvern (shapeshifter) (D:13)
  A hog (shapeshifter) (D:15)
  3 wraiths
  8 spriggans (Lair:6)
  7 basilisks
  10 humans (D:13)
  13 vampire mosquitoes
  3 wargs
  3 nagas (Lair:2)
  11 water moccasins
  2 acid dragons
  10 ice beasts
  3 sky beasts
  11 orc warriors
  A black bear (Lair:6)
  12 ogres
  2 necrophages
  2 boggarts (Lair:6)
  22 wolves
  11 centaurs
  2 kobold brigands
  2 scorpions
  15 bullfrogs
  3 wyvern zombies
  5 gnoll sergeants
  A water moccasin skeleton (D:4)
  7 killer bees
  3 wights (D:8)
  5 howler monkeys
  2 electric eels
  2 lava snakes
  A centaur zombie (D:9)
  A jelly (D:4)
  A bullfrog zombie (D:5)
  11 hounds
  18 orc priests
  2 centaur skeletons
  4 gnoll shamans
  Crazy Yiuf (D:3)
  2 iguanas
  27 orc wizards
  8 hell rats (Lair:4)
  2 killer bee zombies
  A mummy (D:5)
  2 howler monkey zombies
  Robin (D:4)
  35 gnolls
  2 howler monkey skeletons (D:6)
  7 adders
  2 shadow imps (D:8)
  7 white imps (IceCv)
  6 ufetubi
  4 worms (D:2)
  2 dart slugs (D:1)
  73 orcs
  4 ball pythons
  7 bats
  6 endoplasms
  4 giant cockroaches
  15 goblins
  15 hobgoblins
  11 jackals
  3 quokkas
  4 frilled lizards
  A hobgoblin zombie (D:5)
  19 kobolds
  A kobold zombie (D:5)
  2 orc zombies (D:5)
  5 rats
  2 butterflies (Lair:1)
754 creatures vanquished.

Vanquished Creatures (others)
  A reaper (IceCv)
  4 orc high priests (Orc:2)
  An orc sorcerer (Orc:2)
  2 cane toads (Lair:6)
  A naga mage (Snake:1)
  A komodo dragon (Lair:6)
  2 hornets (Lair:6)
  A dream sheep (Lair:6)
  6 spriggans (Lair:6)
  A basilisk (Lair:6)
  A water moccasin (Lair:6)
  5 orc warriors (Orc:2)
  2 black bears (Lair:6)
  2 wolves (Lair:6)
  A boggart (Lair:6)
  9 orc priests (Orc:2)
  4 orc wizards (Orc:2)
  A white imp (IceCv)
  8 ufetubi (IceCv)
  12 orcs (Orc:2)
  A foxfire (Lair:6)
  28 fungi
  74 plants
  11 starspawn tentacles
179 creatures vanquished.

Grand Total: 933 creatures vanquished

Notes
Turn   | Place    | Note
-------+----------+-------------------------------------------
     0 | Abyss:1  | yakattack the Demonspawn Abyssal Knight began the quest for
                  | the Orb.
     0 | Abyss:1  | Reached XP level 1. HP: 18/18 MP: 2/2
    23 | D:1      | Escaped the Abyss
   384 | D:1      | Gained mutation: You regenerate magic rapidly. [demonic
                  | ancestry]
   384 | D:1      | Reached XP level 2. HP: 21/24 MP: 3/3
   646 | D:1      | Reached ** piety under Lugonu
  1314 | D:1      | Reached XP level 3. HP: 27/29 MP: 4/4
  2656 | D:2      | Gained mutation: You are surrounded by a mild repulsion
                  | field. (EV +2) [demonic ancestry]
  2656 | D:2      | Reached XP level 4. HP: 35/35 MP: 5/5
  2956 | D:3      | Found Busanick's Magic Scroll Emporium.
  3371 | D:3      | Found a faded altar of an unknown god.
  3466 | D:3      | Bought a scroll of teleportation for 42 gold pieces
  3544 | D:3      | Reached *** piety under Lugonu
  3561 | D:2      | Reached skill level 5 in Maces & Flails
  3561 | D:2      | Reached XP level 5. HP: 33/41 MP: 6/6
  3806 | D:3      | Found a runed translucent door.
  3807 | D:3      | Noticed Crazy Yiuf
  4066 | D:4      | Noticed an ogre
  4086 | D:4      | Noticed Robin
  4204 | D:4      | Gained mutation: A meltable shield of frost defends you.
                  | (SH +0) [demonic ancestry]
  4204 | D:4      | Reached XP level 6. HP: 46/47 MP: 8/8
  4513 | D:4      | Reached skill level 5 in Invocations
  4513 | D:4      | Reached XP level 7. HP: 38/52 MP: 9/11
  4733 | D:4      | Killed Robin
  5049 | D:5      | Entered Level 5 of the Dungeon
  5633 | D:5      | Gained mutation: You have large cloven feet. [demonic
                  | ancestry]
  5633 | D:5      | Reached XP level 8. HP: 55/58 MP: 13/13
  5652 | D:5      | Reached **** piety under Lugonu
  6734 | D:5      | Found a staircase to the Ecumenical Temple.
  7496 | D:5      | Gained mutation: You are surrounded by a moderate repulsion
                  | field. (EV +3) [demonic ancestry]
  7496 | D:5      | Reached XP level 9. HP: 29/64 MP: 11/16
  8045 | D:6      | Reached skill level 10 in Invocations
  8978 | D:6      | Reached skill level 5 in Fighting
  8999 | D:6      | Found a hazy altar of Hepliaklqana.
 10344 | D:8      | Reached ***** piety under Lugonu
 10371 | D:8      | Reached XP level 10. HP: 76/76 MP: 18/18
 10669 | D:8      | Reached skill level 10 in Maces & Flails
 10758 | D:8      | Noticed Grum
 10774 | D:8      | Banished Grum
 11265 | D:3      | Killed Crazy Yiuf
 11450 | D:9      | Noticed Erolcha
 11468 | D:9      | Killed Erolcha
 11624 | D:9      | Found Ceucim's Lightly-Used Armoury.
 11646 | D:9      | Noticed a two-headed ogre
 11647 | D:9      | Banished a two-headed ogre
 11811 | D:9      | Gained mutation: A meltable icy envelope protects you from
                  | harm. (AC +0) [demonic ancestry]
 11811 | D:9      | Reached XP level 11. HP: 83/86 MP: 20/20
 12250 | D:10     | Entered Level 10 of the Dungeon
 12265 | D:10     | Found a staircase to the Lair.
 12266 | D:10     | Noticed a death yak
 12266 | D:10     | Noticed a two-headed ogre
 12266 | D:10     | Noticed a death yak
 12269 | D:10     | Noticed a death yak
 12271 | D:10     | Noticed a death yak
 12276 | D:10     | Noticed a death yak
 12304 | D:9      | Killed a two-headed ogre
 12548 | D:3      | Bought a scroll of fog for 28 gold pieces
 12548 | D:3      | Bought a scroll of enchant weapon for 105 gold pieces
 12771 | D:10     | Noticed a death yak
 12804 | D:9      | Killed a death yak
 12839 | D:10     | Noticed a death yak
 12869 | D:9      | Killed a death yak
 12947 | D:9      | Killed a death yak
 13047 | D:9      | Killed a death yak
 13131 | D:9      | Killed a death yak
 13224 | D:9      | Killed a death yak
 13251 | D:9      | Killed a death yak
 13332 | D:10     | Noticed a two-headed ogre
 13350 | D:10     | Killed a two-headed ogre
 13885 | D:10     | Found a staircase to the Orcish Mines.
 14024 | Lair:1   | Entered Level 1 of the Lair of Beasts
 14094 | D:10     | Reached XP level 12. HP: 89/97 MP: 22/22
 14109 | D:10     | Reached skill level 10 in Fighting
 14204 | Lair:1   | Identified the +10 flail of Contention {elec, rCorr}
 14400 | Lair:1   | Reached skill level 15 in Invocations
 14406 | Lair:1   | Reached skill level 1 in Dodging
 14469 | Lair:1   | Reached skill level 1 in Shields
 14469 | Lair:1   | Reached skill level 1 in Evocations
 15234 | Lair:2   | Noticed Gastronok
 15252 | Lair:2   | Killed Gastronok
 15295 | Lair:2   | Found a gate leading to a gauntlet.
 15305 | Gauntlet | Entered a Gauntlet
 15305 | Gauntlet | Found a transporter.
 15311 | Gauntlet | Noticed a death scarab
 15314 | Gauntlet | Found a transporter.
 15314 | Gauntlet | Noticed an entropy weaver
 15316 | Gauntlet | Noticed a death scarab
 15329 | Gauntlet | Found a transporter.
 15333 | Gauntlet | Found a transporter.
 15346 | Gauntlet | Noticed a six-headed hydra
 15347 | Gauntlet | Found a transporter.
 15360 | Gauntlet | Noticed a blizzard demon
 15363 | Gauntlet | Found a transporter.
 15368 | Gauntlet | Found a transporter.
 15372 | Gauntlet | Found a transporter.
 15373 | Gauntlet | Found the +9 heavy crossbow "Sniper" {vorpal, Acc+∞ SInv}
 15399 | Gauntlet | Noticed a balrug
 15403 | Gauntlet | Found a transporter.
 15423 | Gauntlet | Found a transporter.
 15427 | Gauntlet | Found a transporter.
 15435 | Gauntlet | Found a transporter.
 15478 | Gauntlet | Banished an entropy weaver
 15570 | Gauntlet | Identified the +9 broad axe of Amortisation {vamp, rN+
                  | Stlth+}
 15570 | Gauntlet | Identified the +7 hand crossbow of True Grit {freeze, rF+
                  | Str+5}
 15570 | Gauntlet | Identified the +5 tower shield of the Desolation of Salt
                  | {+Inv rCorr Int-2}
 15570 | Gauntlet | Noticed a minotaur
 15580 | Gauntlet | Killed a minotaur
 15593 | Gauntlet | Identified the +0 robe of Fauc {*Corrode rPois Slay+5
                  | Stlth+}
 15648 | Lair:2   | Reached skill level 1 in Axes
 15801 | Lair:2   | Noticed an eight-headed hydra
 15812 | Lair:2   | Killed an eight-headed hydra
 15937 | Lair:2   | Found a staircase to the Snake Pit.
 16243 | Lair:2   | Noticed a five-headed hydra
 16252 | Lair:2   | Killed a five-headed hydra
 16253 | Lair:2   | Gained mutation: You have hoof-like feet. [demonic
                  | ancestry]
 16253 | Lair:2   | Reached XP level 13. HP: 81/104 MP: 24/24
 17243 | Lair:4   | Reached skill level 5 in Axes
 17412 | Lair:4   | Found a staircase to the Shoals.
 18454 | Lair:5   | Reached ****** piety under Lugonu
 19068 | Lair:6   | Entered Level 6 of the Lair of Beasts
 19117 | Lair:5   | Gained mutation: You have hooves in place of feet. [demonic
                  | ancestry]
 19117 | Lair:5   | Reached XP level 14. HP: 81/111 MP: 25/25
 19216 | Lair:6   | Reached skill level 10 in Axes
 19563 | Lair:6   | Corrupted Lair:6
 19563 | Lair:6   | Noticed a balrug
 19695 | Lair:6   | Identified the +2 plate armour of the Distant Future
                  | {Will+}
 19831 | Lair:6   | Found a staircase to the Slime Pits.
 20664 | Orc:1    | Entered Level 1 of the Orcish Mines
 20835 | Orc:2    | Entered Level 2 of the Orcish Mines
 20927 | Orc:2    | Found a staircase to the Elven Halls.
 21193 | Orc:2    | Corrupted Orc:2
 21193 | Orc:2    | Noticed a tentacled starspawn
 21193 | Orc:2    | Noticed a starcursed mass
 21194 | Orc:2    | Noticed a lich
 21195 | Orc:2    | Noticed a tentacled starspawn
 21196 | Orc:2    | Noticed a tentacled starspawn
 21199 | Orc:2    | Noticed a starcursed mass
 21224 | Orc:2    | Noticed a Hell Sentinel
 21605 | Orc:2    | Found Racohuaz's Distillery.
 21605 | Orc:2    | Found Difet's Distillery.
 21609 | Orc:2    | Found Myew's General Store.
 21611 | Orc:2    | Found Maikapn's General Store.
 21629 | Orc:2    | Bought a potion of heal wounds for 80 gold pieces
 21631 | Orc:2    | Bought a scroll of blinking for 90 gold pieces
 21974 | Orc:1    | Paralysed by an orc sorcerer for 4 turns
 22483 | D:11     | Found a portal to a secret trove of treasure.
 23223 | D:11     | Identified the +4 ring mail "Pyseulo" {-Cast Dex+3 SInv}
 23482 | D:12     | Found a frozen archway.
 23560 | IceCv    | Entered an ice cave
 23656 | IceCv    | Killed a reaper
 23894 | IceCv    | Identified the +6 spear of Fate {vorpal, +Rage rElec Dex+7}
 24640 | D:13     | Reached XP level 15. HP: 106/117 MP: 26/26
 24812 | D:13     | Found a gate to the Vaults.
 25517 | D:14     | Reached skill level 5 in Armour
 25621 | D:14     | Found a hide-covered altar of Uskayaw.
 25687 | D:15     | Entered Level 15 of the Dungeon
 26030 | D:15     | Found a shimmering altar of Xom.
 26043 | D:15     | Found Tiuteg's Assorted Antiques.
 26101 | D:15     | Found a staircase to the Depths.
 26590 | D:15     | Reached skill level 15 in Axes
 26919 | Snake:1  | Entered Level 1 of the Snake Pit
 27553 | Snake:1  | Noticed Nikola
 27739 | Shoals:1 | Entered Level 1 of the Shoals
 28361 | Shoals:1 | Identified the Guide on Twisted Weightlessness
 28363 | Shoals:1 | Identified Sif Muna's Reference Book on Noxious
                  | Translocation
 28625 | Shoals:2 | Identified a scroll of acquirement
 28626 | Shoals:2 | Acquired a ring of willpower
 28716 | Shoals:2 | Noticed Polyphemus
 28770 | Shoals:2 | Noticed Roxanne
 28789 | Shoals:2 | Gained mutation: When hurt, damage is shared between your
                  | health and your magic reserves. [demonic ancestry]
 28789 | Shoals:2 | Reached XP level 16. HP: 124/124 MP: 27/27
 29086 | Shoals:2 | Killed from afar by a merfolk aquamancer

Illustrated notes

Levels and vault maps discovered:
D:1:      lightli_arrival_quake, layout_loops_corners
D:2:      layout_basic, serial_glass, glass_columns_c, glass_columns_a,
          item_on_display_a, minmay_strange_pillars, due_unseen_surprise
D:3:      layout_rooms, serial_shops, nicolae_shop_statue_plus,
          hellmonk_ecumenical_altar_pennies_from_heaven, uniq_crazy_yiuf_cottage
D:4:      layout_rooms, uniq_robin
D:5:      layout_cave_pools, minmay_temple_entry_mist, serial_gnoll_camp,
          gnoll_camp_huts_moat, gnoll_camp_mini_doghouse, gnoll_camp_mini_hut,
          gnoll_camp_mini_basic, gnoll_camp_mini_basic, gnoll_camp_medium_01,
          hangedman_decor_push, kennysheep_nub, minmay_mini_ossuary
D:6:      layout_loops_corners, kennysheep_little_box, nrook_mini_vaults,
          nicolae_underground_beach
D:7:      layout_loops_cross, patterned_corridor
D:8:      layout_loops_ring, minivault_24, minmay_strange_pillars, uniq_grum
D:9:      layout_loops_ring, hangedman_decor_growths,
          kennysheep_cross_bottleneck, minmay_shop_damaged,
          chequers_serial_rivers_micro_b, uniq_erolcha
D:10:     layout_layer_cave, dpeg_lair_monsters, hiddenorc1_lemuel,
          minmay_misc_feat_encased
D:11:     layout_stronghold, nicolae_trove_entry_path_of_doom,
          minmay_door_square
D:12:     layout_rooms, portal_ice_cave_entry_ice_beasts
D:13:     layout_rooms, ximxim_vaults_locker_room, minmay_misc_feat_columns,
          nrook_uturn
D:14:     hangedman_arrow_trap, layout_cave_pools, serial_column_ruins,
          column_ruins_square_large, column_ruins_grid_3,
          column_ruins_open_small, column_ruins_open_small,
          column_ruins_open_small, column_ruins_columns_straight,
          minmay_misc_feat_cross, kennysheep_small_spiral,
          nicolae_uskayaw_suspiria
D:15:     hangedman_depths_entry_try_elsewhere_first, layout_stronghold,
          chequers_serial_rivers_micro_d, serial_shops,
          nicolae_shop_competitors_out_of_business, serial_column_ruins,
          column_ruins_open_small, column_ruins_open_tiny,
          column_ruins_corridor_corner, column_ruins_open_tiny,
          column_ruins_open_tiny, column_ruins_open_large,
          brannock_xom_greatest_gift
Lair:1:   layout_hall_layers, grunt_megastairs_4, lemuel_fruit_fields,
          lemuel_fruit_tree, lemuel_fruit_fields, minmay_lair_oklob_chamber
Lair:2:   layout_regular_city, minmay_snake_entry_guardpost_large,
          gauntlet_entry_generic, chequers_serial_rivers_room_a,
          beast_lair_carwin_6, uniq_gastronok
Lair:3:   layout_concentric_octagons, serial_bayou_crossing
Lair:4:   layout_concentric_octagons, elwin_shoals_entry_rooms, special_room
          [special_room_mythical_zoo], serial_bayou_shore_b
Lair:5:   layout_cave_pods, serial_bayou_shore_b, serial_bayou_shore_a
Lair:6:   minmay_lair_end_enchanted_forest, layout_hall_layers, slime_dummy,
          st_stairs_12
Shoals:1: layout_shoals, nicolae_shoals_dead_sea_scrolls
Shoals:2: layout_shoals, nicolae_shoals_aquamancer_cove, uniq_roxanne,
          uniq_polyphemus
Snake:1:  layout_basic, hangedman_snake_pattern, uniq_nikola
Orc:1:    layout_diamond_mine
Orc:2:    st_orc_mages, layout_diamond_mine, nicolae_orc_stony_grotto,
          minmay_orc_temple_b

Skill      XL: |  1  2  3  4  5  6  7  8  9 10 11 12 13 14 15 |
---------------+----------------------------------------------+-----
Maces & Flails | 2 3 5 6 7 8 9 10 11 12 | 12.0
Invocations    | 3 5 7 9 11 13 14 15 | 15.0
Fighting       | 5 8 9 10 | 10.9
Dodging        | 3 4 |  4.1
Armour         | 4 8 |  8.8
Shields        | 3 4 |  4.0
Evocations     | 4 |  4.4
Axes           | 2 9 13 15 | 15.8

Action                   |  1- 3 |  4- 6 |  7- 9 | 10-12 | 13-15 | 16-18 || total
-------------------------+-------+-------+-------+-------+-------+-------++-------
Melee: Mace              |   133 |       |       |       |       |       ||   133
       Whip              |    11 |    81 |       |       |       |       ||    92
       Demon whip        |       |   119 |   566 |   666 |       |       ||  1351
       Kick              |       |       |   128 |   275 |   476 |    24 ||   903
       Flail             |       |       |       |   217 |   486 |       ||   703
       Broad axe         |       |       |       |       |  1108 |   100 ||  1208
Throw: Stone             |       |     2 |     4 |     3 |     2 |       ||    11
Invok: Bend Space        |     1 |       |       |       |     1 |       ||     2
       Banish            |       |     1 |     3 |    10 |    19 |     5 ||    38
       Corrupt           |       |       |       |       |     2 |       ||     2
Evoke: Wand              |       |       |       |     3 |     3 |       ||     6
       Phial of floods   |       |       |       |       |     1 |       ||     1
  Use: Scroll            |     3 |     3 |     6 |     9 |    13 |       ||    34
       Potion            |       |     1 |       |       |     3 |     4 ||     8
 Stab: Paralysed         |       |       |       |     4 |       |       ||     4
Armor: Leather armour    |    35 |    13 |       |       |       |       ||    48
       Scale mail        |       |    38 |    42 |       |       |       ||    80
       Ring mail         |       |       |    84 |   172 |   579 |    81 ||   916
Dodge: Dodged            |    73 |   139 |   337 |   363 |   735 |    84 ||  1731
Block: Other             |       |    10 |    36 |       |       |       ||    46
       Buckler           |       |       |   127 |   242 |   121 |       ||   490
       Tower shield      |       |       |       |       |  1630 |   153 ||  1783

Table legend: (Time is in decaauts)
 A = Elapsed time spent in this place.
 B = Non-inter-level travel time spent in this place.
 C = Inter-level travel time spent in this place.
 D = Time resting spent in this place.
 E = Time spent auto-exploring this place.
 F = Levels seen in this place.
 G = Mean time per level.
                   A        B        C        D        E       F      G
               +--------+--------+--------+--------+--------+-----+--------+
         Total |  29188 |  26702 |   2486 |      0 |  17290 |  29 | 1006.5 |
       Dungeon |  18233 |  16535 |   1698 |      0 |  10542 |  15 | 1215.5 |
          Lair |   6442 |   5892 |    550 |      0 |   4362 |   6 | 1073.7 |
        Shoals |   1464 |   1399 |     65 |      0 |    585 |   2 |  732.0 |
     Snake Pit |    757 |    702 |     55 |      0 |    441 |   1 |  757.0 |
  Orcish Mines |   1502 |   1385 |    117 |      0 |   1018 |   2 |  751.0 |
         Abyss |     28 |     28 |      0 |      0 |      0 |   1 |   28.0 |
      Ice Cave |    460 |    460 |      0 |      0 |    156 |   1 |  460.0 |
      Gauntlet |    299 |    299 |      0 |      0 |    185 |   1 |  299.0 |
               +--------+--------+--------+--------+--------+-----+--------+

Top non-repeatable levels by time:
     D:5: 2118 daAuts
     D:2: 1779 daAuts
     D:4: 1659 daAuts
     D:1: 1633 daAuts
     D:9: 1419 daAuts
  Lair:6: 1407 daAuts
     D:6: 1394 daAuts
  Lair:1: 1189 daAuts
    D:11: 1134 daAuts
    D:10: 1096 daAuts
  Lair:5: 1089 daAuts
    D:15: 1074 daAuts
  Lair:2: 1014 daAuts
     D:7: 994 daAuts
   Orc:2: 991 daAuts
